 Dungeon Crawl Stone Soup version 0.25.0-33-gff14898491 (webtiles) character file.

Game seed: 15376061857231056484

191434 Gwenloh the Earth Mage (level 18, 0/112 HPs)
             Began as a Gargoyle Earth Elementalist on July 4, 2020.
             Was a High Priest of Sif Muna.
             Killed from afar by Ilsuiw (40 damage)
             ... with a shard of ice
             ... on level 3 of the Shoals on July 7, 2020.
             The game lasted 04:12:03 (47305 turns).

Gwenloh the Earth Mage (GrEE)                      Turns: 47305, Time: 04:12:04

Health: 0/112      AC: 37    Str: 12    XL:     18   Next: 20%
Magic:  3/32       EV: 11    Int: 24    God:    Sif Muna [*****.]
Gold:   2986       SH: 15    Dex: 10    Spells: 21/38 levels left

rFire    . . .     SeeInvis +   a - +9 morningstar (drain)
rCold    + . .     Gourm    .   c - +6 buckler of Fortitude {Harm rPois rC+}
rNeg     + . .     Faith    .   Z - +1 acid dragon scales
rPois    ∞         Spirit   .   V - +2 hat {SInv}
rElec    +         Reflect  +   e - +1 cloak
rCorr    +         Harm     +   f - +2 pair of gloves
MR       +....                  x - +1 pair of boots
Stlth    +.........             p - amulet of reflection
HPRegen  0.28/turn              r - +4 ring of protection
MPRegen  0.23/turn              X - ring of wizardry

@: about to teleport, engulfed, barbed spikes, flying, mesmerised
A: big wings, negative energy resistance 1, electricity resistance, unbreathing,
petrification resistance, rot immunity, AC +13
}: 1/15 runes: gossamer
a: Stop Flying, Channel Magic, Forget Spell, Divine Exegesis, Renounce Religion


You were on level 3 of the Shoals.
You worshipped Sif Muna.
Sif Muna was extremely pleased with you.
You were not hungry.

You visited 6 branches of the dungeon, and saw 31 of its levels.
You also visited: Sewer.

You collected 3801 gold pieces.
You spent 815 gold pieces at shops.

Inventory:

Hand Weapons
 a - a +9 morningstar of draining (weapon)
 B - a +5 demon whip of flaming
Missiles
 k - 602 stones
 q - 10 javelins (quivered)
Armour
 c - the +6 buckler of Fortitude (worn) {Harm rPois rC+}
   (You took it off a merfolk on level 1 of the Shoals)

   It protects you from cold.
   It protects you from poison.
   It increases damage dealt and taken.
 e - a +1 cloak (worn)
 f - a +2 pair of gloves (worn)
 x - a +1 pair of boots (worn)
 V - a +2 hat of see invisible (worn)
 Z - +1 acid dragon scales (worn)
Magical Staves
 b - an uncursed staff of earth
Jewellery
 p - an amulet of reflection (around neck)
 r - a +4 ring of protection (left hand)
 u - an uncursed ring of protection from cold
 v - a +6 ring of intelligence
 U - an uncursed ring of protection from fire
 X - a ring of wizardry (right hand)
Wands
 i - a wand of polymorph (30)
 n - a wand of flame (29)
 G - a wand of clouds (10)
 H - a wand of digging (4)
 J - a wand of iceblast (8)
 L - a wand of disintegration (30)
 T - a wand of paralysis (29)
 W - a wand of enslavement (19)
Scrolls
 h - 10 scrolls of blinking
 l - 18 scrolls of teleportation
 m - 4 scrolls of fog
 s - 18 scrolls of remove curse
 t - 4 scrolls of identify
 y - 4 scrolls of fear
 z - 3 scrolls of holy word
 A - 5 scrolls of magic mapping
 N - 4 scrolls of summoning
 P - 3 scrolls of silence
 S - 2 scrolls of brand weapon
Potions
 g - 2 potions of stabbing
 o - 11 potions of curing
 w - 3 potions of might
 C - 4 potions of heal wounds
 D - a potion of mutation
 E - 3 potions of magic
 F - 2 potions of invisibility
 K - a potion of resistance
 M - 8 potions of haste
 O - a potion of cancellation
 Q - a potion of ambrosia
 Y - 3 potions of brilliance
Miscellaneous
 j - a lightning rod (4/4)
Comestibles
 d - 41 rations
 I - 3 chunks of flesh


   Skills:
 + Level 12.4 Fighting
 + Level 13.6 Maces & Flails
 + Level 10.5 Armour
 - Level 1.5 Dodging
 - Level 2.1 Stealth
 - Level 4.0 Shields
 + Level 10.9 Spellcasting
 + Level 9.9 Conjurations
 - Level 0.7 Transmutations
 * Level 18.4 Earth Magic
 * Level 14.1 Invocations


You had 21 spell levels left.
You knew the following spells:

 Your Spells              Type           Power        Failure   Level  Hunger
a - Sandblast             Erth           ######       0%          1    None
b - Stone Arrow           Conj/Erth      ######       1%          3    None
c - Iron Shot             Conj/Erth      ######....   1%          6    #####..
d - Lee's Rapid Deconstr  Erth           #######...   1%          5    ####...
e - Passwall              Tmut/Erth      ######..     1%          2    None

Your spell library contained the following spells:

 Spells                   Type           Power        Failure   Level  Hunger
 Foxfire                  Conj/Fire      ####         1%          1    None
 Magic Dart               Conj           ####         1%          1    None
 Shock                    Conj/Air       ####         1%          1    None
 Conjure Flame            Conj/Fire      #####...     1%          3    None
 Mephitic Cloud           Conj/Pois/Air  ####....     1%          3    None
 Static Discharge         Conj/Air       #####...     1%          3    None
 Leda's Liquefaction      Hex/Erth       ######....   1%          4    None
 Petrify                  Tmut/Erth      ######..     1%          4    None
 Bolt of Magma            Conj/Fire/Erth ######....   1%          5    ####...
 Borgnjor's Vile Clutch   Necr/Erth      ######....   1%          5    ####...
 Animate Skeleton         Necr           N/A          2%          1    None
 Apportation              Tloc           ##....       2%          1    None
 Corona                   Hex            ##.....      2%          1    None
 Pain                     Necr           ##..         2%          1    None
 Summon Small Mammal      Summ           ##..         2%          1    None
 Iskenderun's Mystic Bla  Conj/Tloc      #####...     3%          4    None
 Sticky Flame             Conj/Fire      #####...     3%          4    None
 Blink                    Tloc           N/A          4%          2    None
 Call Imp                 Summ           ##......     4%          2    None
 Poisonous Vapours        Pois/Air       ##....       4%          2    None
 Slow                     Hex            ##......     4%          2    None
 Swiftness                Chrm/Air       ##......     4%          2    None
 Spider Form              Tmut/Pois      ##........   7%          3    None
 Gell's Gravitas          Tloc           ##........   9%          3    None
 Inner Flame              Hex/Fire       ##......     9%          3    None
 Recall                   Summ/Tloc      N/A          9%          3    None
 Summon Guardian Golem    Hex/Summ       ##......     9%          3    None
 Vampiric Draining        Necr           ##........   9%          3    None
 Fireball                 Conj/Fire      #####.....   10%         5    ####...
 Iskenderun's Battlesphe  Conj/Chrm      #####...     10%         5    ####...
 Lightning Bolt           Conj/Air       #####.....   10%         5    ####...
 Airstrike                Air            ##........   26%         4    None
 Animate Dead             Necr           N/A          26%         4    None
 Summon Lightning Spire   Summ/Air       ##......     26%         4    None
 Orb of Destruction       Conj           ######....   34%         7    #######
 Conjure Ball Lightning   Conj/Air       #####.....   45%         6    #####..
 Agony                    Necr           ##......     56%         5    ####...
 Aura of Abjuration       Summ           ##........   56%         5    ####...
 Silence                  Hex/Air        ##........   56%         5    ####...
 Freezing Cloud           Conj/Ice/Air   ####......   67%         6    #####..
 Shatter                  Erth           #######...   77%         9    #######
 Spellforged Servitor     Conj/Summ      #####.....   94%         7    #######
 Simulacrum               Ice/Necr       ##........   98%         6    #####..
 Malign Gateway           Summ/Tloc      ##........   100%        7    #######
 Ring of Flames           Chrm/Fire      ##........   100%        7    #######
 Summon Hydra             Summ           ##........   100%        7    #######
 Ignition                 Fire           ##........   100%        8    #######
 Summon Horrible Things   Summ           ##........   100%        8    #######
 Tornado                  Air            ##........   100%        9    #######
 Statue Form              Tmut/Erth      Unusable     N/A         6    N/A

Dungeon Overview and Level Annotations

Branches:
Dungeon (15/15)            Temple (1/1) D:5            Lair (6/6) D:9
 Shoals (3/4) Lair:4       Spider (4/4) Lair:3        Slime (0/5) Lair:6
    Orc (2/2) D:11            Elf (0/3) Orc:2        Vaults (0/5) D:13
 Depths (0/5) D:15          Sewer (visited)

Altars:
Ashenzari
Cheibriados
Dithmenos
Elyvilon
Fedhas
Gozag
Hepliaklqana
Kikubaaqudgha
Makhleb
Nemelex Xobeh
Okawaru
Qazlal
Ru
Sif Muna
Trog
Uskayaw
Vehumet
Wu Jian
Xom
Yredelemnul
Zin
The Shining One
Beogh

Shops:
D:5 *   Orc:1 ?   Orc:2 [(([

Annotations:
D:7 2 runed translucent doors, SamuraiZach's ghost, novice TrBe
Lair:1 exclusion: 2 oklob plants
Lair:2 exclusion: oklob plant
Lair:3 1 runed translucent door, Kubamp's ghost, journeyman DEAE
Lair:5 exclusion: oklob plant
Lair:6 exclusion: 2 oklob plants
Shoals:3 Ilsuiw


Innate Abilities, Weirdness & Mutations

You are resistant to torment.
Your stone body is resilient. (AC +13)
You are immune to poison.
Your large and strong wings let you fly indefinitely.
You resist negative energy. (rN+)
You are resistant to electric shocks. (rElec)
You can survive without breathing.
You are immune to petrification.
You are immune to rotting.


Message History

The manticore bites you but does no damage.
The manticore claws you. You block the manticore's attack.
You block the water elemental's attack.
Casting: Stone Arrow (safe; 1% risk of failure)
Confirm with . or Enter, or press ? or * to list all spells.
You don't have enough magic to cast that spell.
As you read the scroll of teleportation, it crumbles to dust.
You feel strangely unstable. Ilsuiw gestures at you while chanting.
The shard of ice hits you!! You partially resist.
* * * LOW HITPOINT WARNING * * *
The water elemental hits you.
* * * LOW HITPOINT WARNING * * *
The merfolk siren chants its luring song.
You block the water elemental's attack. You block the manticore's attack. x2
The manticore closely misses you. You block the water elemental's attack.
You feel much better. Ilsuiw casts a spell at you. The shard of ice hits you!!
You partially resist.
You die...

########################
≈≈≈≈≈≈≈≈≈≈≈≈≈≈≈≈≈≈≈≈≈≈≈≈
≈≈≈≈≈≈≈≈≈≈≈≈≈≈≈≈≈≈≈≈≈≈≈≈
≈≈≈≈≈≈≈≈≈≈≈≈≈≈≈≈≈≈≈≈≈≈≈≈
≈≈≈≈≈≈≈≈≈≈≈≈≈m≈EEE≈≈≈≈≈≈
≈≈≈≈≈≈≈≈≈≈≈≈≈≈≈≈@H≈≈≈≈≈≈
≈≈≈≈≈≈≈≈≈≈≈≈≈≈≈≈≈m≈))≈≈≈
≈≈≈≈≈≈≈≈≈≈≈≈≈≈H≈≈..#..≈≈
≈≈≈≈≈≈≈≈≈≈≈≈≈≈≈.#### #..
≈≈≈≈≈≈≈≈≈≈≈≈≈≈.## .
≈≈≈≈≈≈≈≈≈≈≈≈≈≈.#
≈≈≈≈≈≈≈≈≈≈≈≈≈≈.#
≈≈≈≈≈..## ≈≈≈≈.#


You could see Ilsuiw (invisible, skewered), 2 manticores, 3 water elementals and
a merfolk siren (mesmerising).

Vanquished Creatures
  Bai Suzhen (Spider:2)
  Arachne (Spider:3)
  Jorgrun (D:14)
  Rupert (Lair:6)
  2 krakens
  Agnes (D:15)
  Donald (Shoals:1)
  Roxanne (Spider:2)
  The ghost of Dinenid the Devout, an adept KoGl of Zin (D:15)
  5 ghost moths
  7 emperor scorpions
  An entropy weaver (Spider:2)
  Nessos (Orc:2)
  A spark wasp (Spider:4)
  Azrael (Spider:2)
  3 dire elephants (Lair:6)
  A blizzard demon (D:15)
  3 merfolk impalers
  8 hydras
  An anaconda (Lair:6)
  2 merfolk avatars (Shoals:2)
  4 merfolk aquamancers (Shoals:1)
  4 centaur warriors
  A death knight (D:14)
  4 two-headed ogres
  2 tengu warriors
  3 skeletal warriors
  7 sea snakes
  2 unseen horrors
  An orange crystal statue (D:14)
  A necromancer (D:15)
  7 orc knights
  2 phantasmal warriors
  15 cyclopes
  7 harpies
  17 orb spiders
  5 ugly things
  3 manticores
  4 fauns
  17 wolf spiders
  A deep elf mage (D:15)
  A frost giant zombie (D:15)
  11 elephants
  6 black mambas
  A merfolk siren (Shoals:3)
  2 ice statues (D:14)
  A torpor snail (Lair:1)
  A stone giant skeleton (D:15)
  A gargoyle (D:12)
  5 spiny frogs
  A freezing wraith (D:14)
  A kobold demonologist (D:15)
  6 rime drakes
  9 ice devils
  9 demonic crawlers
  A redback zombie (D:14)
  6 komodo dragons
  A tengu conjurer (D:14)
  3 yaktaurs (D:13)
  A queen bee (Lair:3)
  6 trolls
  2 wind drakes
  7 hornets
  Grinder (Sewer)
  9 merfolk
  31 jumping spiders
  A polar bear (Lair:4)
  12 dream sheep
  11 blink frogs
  A meliai zombie (D:15)
  9 hippogriffs
  2 snapping turtles
  A spriggan zombie (D:15)
  2 shadows
  3 centaur simulacra (D:15)
  55 yaks
  A vampire (D:13)
  A wraith (D:14)
  84 redbacks
  19 tarantellas
  An elf skeleton (D:15)
  A water elemental (Shoals:2)
  A wyvern (D:13)
  3 fire elementals
  A basilisk (Lair:5)
  2 hungry ghosts
  A redback simulacrum (D:15)
  A steam dragon (Lair:5)
  4 vampire mosquitoes
  3 wargs
  2 acid dragons
  15 water moccasins
  8 porcupines
  5 hell hounds
  35 orc warriors
  2 black bears
  An ice beast (D:8)
  4 sky beasts
  2 eyes of draining
  A phantom (D:10)
  8 ogres
  2 necrophages
  17 centaurs
  16 crocodiles
  3 big kobolds (D:10)
  18 bullfrogs
  A wyvern zombie (D:13)
  A water moccasin zombie (D:9)
  4 scorpions
  A wyvern skeleton (D:7)
  40 killer bees
  10 wights
  9 electric eels
  2 bullfrog zombies
  6 howler monkeys
  4 crimson imps
  5 bullfrog skeletons
  8 hounds
  7 jellies
  16 orc priests
  3 centaur zombies
  5 centaur skeletons
  Natasha (thrice) (D:4)
  An iguana (D:7)
  38 orc wizards
  10 worker ants
  2 big kobold zombies (Sewer)
  A hound skeleton (D:4)
  21 adders
  3 gnolls (D:11)
  4 shadow imps
  9 ufetubi
  14 oozes
  An adder skeleton (D:4)
  4 worms
  2 dart slugs
  7 leopard geckos
  100 orcs
  3 ball pythons
  9 giant cockroaches
  8 goblins
  7 hobgoblins
  13 jackals
  23 kobolds
  5 quokkas
  15 bats
  3 frilled lizards
  A jackal zombie (D:7)
  3 kobold zombies (Sewer)
  A quokka skeleton (D:4)
  A quokka zombie (D:5)
  6 rats
  A fungus (Shoals:3)
  9 plants
  5 tentacles
1088 creatures vanquished.

Vanquished Creatures (others)
  A redback (Spider:3)
  10 fungi
  18 plants
  22 tentacles
51 creatures vanquished.

Grand Total: 1139 creatures vanquished

Notes
Turn   | Place    | Note
-------+----------+-------------------------------------------
     0 | D:1      | Gwenloh the Gargoyle Earth Elementalist began the quest for
                  | the Orb.
     0 | D:1      | Reached XP level 1. HP: 10/10 MP: 3/3
   433 | D:1      | Reached XP level 2. HP: 3/16 MP: 0/5
   688 | D:1      | Learned a level 2 spell: Passwall
  1085 | D:1      | You fall into a shaft and drop 1 floor!
  1505 | D:1      | Reached skill level 1 in Fighting
  1505 | D:1      | Reached skill level 1 in Armour
  1578 | D:1      | Reached XP level 3. HP: 20/20 MP: 6/6
  1583 | D:1      | Learned a level 3 spell: Stone Arrow
  1600 | D:1      | Reached skill level 4 in Earth Magic
  1671 | D:1      | Reached skill level 1 in Maces & Flails
  1971 | D:1      | Reached XP level 4. HP: 11/25 MP: 1/7
  2815 | D:2      | Reached XP level 5. HP: 28/30 MP: 8/8
  3008 | D:2      | Found a shimmering blue altar of Sif Muna.
  3216 | D:2      | Found a glowing golden altar of the Shining One.
  3346 | D:2      | Found a shimmering blue altar of Sif Muna.
  3354 | D:2      | Became a worshipper of Sif Muna the Loreminder
  3766 | D:4      | Noticed Natasha
  4078 | D:3      | Reached * piety under Sif Muna
  4111 | D:3      | Reached skill level 5 in Earth Magic
  4503 | D:4      | Killed Natasha
  4503 | D:4      | Reached XP level 6. HP: 20/35 MP: 5/10
  4782 | D:3      | Reached skill level 1 in Conjurations
  5044 | D:4      | Noticed Natasha
  5194 | D:4      | Killed Natasha
  5199 | D:4      | Noticed Natasha
  5203 | D:4      | Killed Natasha
  5203 | D:4      | Reached XP level 7. HP: 39/40 MP: 8/11
  5226 | D:4      | Identified the +7 flail of Makhleb's Benevolence {vorpal,
                  | *Rage +Rage Str+9 Int+3}
  5382 | D:4      | Reached skill level 6 in Earth Magic
  5423 | D:4      | Found a blossoming altar of Fedhas.
  5705 | D:4      | Found a shadowy altar of Dithmenos.
  5708 | D:4      | Found a hazy altar of Hepliaklqana.
  5972 | D:5      | Entered Level 5 of the Dungeon
  6072 | D:5      | Reached ** piety under Sif Muna
  6102 | D:5      | Found a shimmering altar of Xom.
  6109 | D:5      | Found a radiant altar of Vehumet.
  6265 | D:5      | Reached skill level 1 in Invocations
  6265 | D:5      | Reached XP level 8. HP: 35/46 MP: 10/13
  6480 | D:5      | Found a staircase to the Ecumenical Temple.
  6485 | Temple   | Entered the Ecumenical Temple
  6754 | D:5      | Found Zeih Zeff's General Store.
  6757 | D:5      | Bought a scroll of magic mapping for 45 gold pieces
  6757 | D:5      | Bought a potion of invisibility for 104 gold pieces
  7107 | D:6      | Found a glowing drain.
  7114 | Sewer    | Entered a sewer
  7229 | Sewer    | Learned a level 5 spell: Lee's Rapid Deconstruction
  7292 | Sewer    | Reached skill level 7 in Earth Magic
  7315 | Sewer    | Found an ancient bone altar of Kikubaaqudgha.
  7348 | Sewer    | Reached *** piety under Sif Muna
  7489 | Sewer    | Noticed Grinder
  7510 | Sewer    | Killed Grinder
  7510 | Sewer    | Reached skill level 5 in Maces & Flails
  7704 | D:6      | Reached XP level 9. HP: 52/52 MP: 5/15
  8040 | D:6      | Reached skill level 8 in Earth Magic
  8415 | D:6      | Found a glowing silver altar of Zin.
  8589 | D:6      | Found a burning altar of Makhleb.
  9029 | D:7      | You fall into a shaft and drop 1 floor!
  9337 | D:7      | Reached skill level 1 in Shields
  9476 | D:7      | Found a large runed translucent door.
  9476 | D:7      | Found a large runed translucent door.
  9477 | D:7      | Noticed SamuraiZach's ghost (novice TrBe)
  9721 | D:8      | Reached **** piety under Sif Muna
  9828 | D:8      | Reached skill level 5 in Fighting
 10145 | D:8      | Reached skill level 9 in Earth Magic
 10262 | D:9      | Reached XP level 10. HP: 38/59 MP: 7/17
 10262 | D:9      | Killed an unseen horror
 10262 | D:9      | Reached skill level 5 in Spellcasting
 10617 | D:9      | Found a staircase to the Lair.
 10781 | D:9      | Reached skill level 10 in Earth Magic
 10827 | D:9      | Noticed an eight-headed hydra
 10835 | D:9      | Killed an eight-headed hydra
 10843 | D:9      | Reached skill level 5 in Invocations
 11263 | D:9      | Reached XP level 11. HP: 64/64 MP: 4/19
 11517 | D:9      | Noticed a two-headed ogre
 11565 | D:9      | Killed a two-headed ogre
 11736 | Lair:1   | Entered Level 1 of the Lair of Beasts
 11911 | Lair:1   | Reached skill level 11 in Earth Magic
 12150 | Lair:1   | Noticed a five-headed hydra
 12168 | Lair:1   | Killed a five-headed hydra
 12550 | Lair:1   | Noticed an oklob plant
 13052 | Lair:1   | Noticed an oklob plant
 13354 | Lair:2   | Noticed a five-headed hydra
 13361 | Lair:2   | Killed a five-headed hydra
 13617 | Lair:2   | Reached XP level 12. HP: 72/72 MP: 18/21
 13975 | Lair:2   | Reached skill level 12 in Earth Magic
 14077 | Lair:2   | Reached skill level 10 in Maces & Flails
 14729 | Lair:3   | Found a hole to the Spider Nest.
 14902 | Lair:3   | Reached ***** piety under Sif Muna
 15166 | Lair:3   | Identified Kauch's Papyrus of Changing and the Volcanoes
                  | (Sif Muna gifted it to you on level 3 of the Lair of
                  | Beasts)
 15166 | Lair:3   | Received a gift from Sif Muna
 15491 | Lair:3   | Reached skill level 13 in Earth Magic
 15878 | Lair:3   | Noticed an eight-headed hydra
 15883 | Lair:3   | Killed an eight-headed hydra
 16188 | Lair:3   | Found a runed translucent door.
 16188 | Lair:3   | Noticed Kubamp's ghost (journeyman DEAE)
 16619 | Lair:3   | Reached XP level 13. HP: 79/79 MP: 24/24
 16726 | Lair:3   | Found the +8 whip "Snakebite" {curare, rPois}
 17113 | Lair:4   | Identified a scroll of acquirement
 17115 | Lair:4   | Got the Guide on Excruciating Clay
 17575 | Lair:4   | Found a staircase to the Shoals.
 17745 | Lair:4   | You fall into a shaft and drop 1 floor!
 17819 | Lair:5   | Reached skill level 5 in Armour
 18851 | Lair:5   | Reached skill level 14 in Earth Magic
 19469 | Lair:6   | Entered Level 6 of the Lair of Beasts
 19526 | Lair:6   | Received a gift from Sif Muna
 19611 | Lair:6   | Learned a level 6 spell: Iron Shot
 20071 | Lair:6   | Found a staircase to the Slime Pits.
 20083 | Lair:6   | Noticed Rupert
 20093 | Lair:6   | Killed Rupert
 20860 | Lair:6   | Identified Sif Muna's Collected Works on Gliding
                  | Enchantment
 20900 | Lair:6   | Noticed a dire elephant
 20911 | Lair:6   | Killed a dire elephant
 20911 | Lair:6   | Gained mutation: Your large and strong wings let you fly
                  | indefinitely. [Gargoyle growth]
 20911 | Lair:6   | Reached XP level 14. HP: 65/86 MP: 8/26
 21008 | Lair:6   | Noticed a dire elephant
 21008 | Lair:6   | Noticed a dire elephant
 21035 | Lair:6   | Killed a dire elephant
 21041 | Lair:6   | Killed a dire elephant
 21274 | Lair:6   | Reached skill level 5 in Conjurations
 21490 | D:9      | Upgraded the game from 0.25.0-26-g0c896c7088 to
                  | 0.25.0-33-gff14898491
 21491 | D:10     | Entered Level 10 of the Dungeon
 22604 | D:11     | Found a glowing golden altar of the Shining One.
 22907 | D:11     | Reached skill level 15 in Earth Magic
 23493 | D:11     | Found a staircase to the Orcish Mines.
 23599 | Orc:1    | Entered Level 1 of the Orcish Mines
 23783 | Orc:1    | Identified Sif Muna's Foundations of Thaumaturgy (Sif Muna
                  | gifted it to you on level 1 of the Orcish Mines)
 23783 | Orc:1    | Received a gift from Sif Muna
 24156 | Orc:1    | Found Bayzuuh's Magic Scroll Shoppe.
 24168 | Orc:1    | Bought a scroll of enchant armour for 97 gold pieces
 24168 | Orc:1    | Bought a scroll of blinking for 97 gold pieces
 24170 | Orc:1    | Bought a scroll of identify for 26 gold pieces
 24170 | Orc:1    | Bought a scroll of identify for 26 gold pieces
 24260 | Orc:1    | Reached skill level 10 in Fighting
 24339 | Orc:2    | Entered Level 2 of the Orcish Mines
 24410 | Orc:2    | Noticed Nessos
 24413 | Orc:2    | Killed Nessos
 24526 | Orc:2    | Found a roughly hewn altar of Beogh.
 24902 | Orc:2    | Found a roughly hewn altar of Beogh.
 25109 | Orc:2    | Found a roughly hewn altar of Beogh.
 25152 | Orc:2    | Found a roughly hewn altar of Beogh.
 25247 | Orc:2    | Found a roughly hewn altar of Beogh.
 25450 | Orc:2    | Found a roughly hewn altar of Beogh.
 25460 | Orc:2    | Reached skill level 10 in Invocations
 25573 | Orc:2    | Found Alonyuqo's Weapon Shop.
 25672 | Orc:2    | Found a roughly hewn altar of Beogh.
 25778 | Orc:2    | Found Asiss's Antique Armour Shop.
 25969 | Orc:2    | Identified Sif Muna's Catalogue of the Entourage (Sif Muna
                  | gifted it to you on level 2 of the Orcish Mines)
 25969 | Orc:2    | Received a gift from Sif Muna
 26174 | Orc:2    | Found a staircase to the Elven Halls.
 26316 | Orc:2    | Found Bungeefi's Antique Weapon Shoppe.
 26317 | Orc:2    | Found a roughly hewn altar of Beogh.
 26360 | Orc:2    | Found Laenupp's Antique Armour Emporium.
 26374 | Orc:2    | Bought a pair of glowing gloves for 217 gold pieces
 26374 | Orc:2    | Bought an embroidered hat for 203 gold pieces
 26471 | Orc:2    | Found a roughly hewn altar of Beogh.
 27755 | D:13     | Reached XP level 15. HP: 92/92 MP: 21/28
 28353 | D:13     | Got a jewelled helmet
 28364 | D:13     | Identified the +0 helmet "Myirimue" {rN+ Int+2 Dex-5} (You
                  | found it on level 13 of the Dungeon)
 29057 | D:13     | Found a gate to the Vaults.
 29193 | D:14     | Noticed Jorgrun
 29670 | D:14     | Received a gift from Sif Muna
 29936 | D:14     | Killed Jorgrun
 30231 | D:14     | Identified the +5 demon trident of the Fray {venom, rC+ MR-
                  | Str+2}
 30267 | D:14     | Reached skill level 16 in Earth Magic
 30456 | D:14     | HP: 1/93 [freezing wraith[a death knight] (21)]
 30866 | D:14     | Found an iron altar of Okawaru.
 31442 | D:15     | Entered Level 15 of the Dungeon
 31923 | D:15     | Found a runed translucent gate.
 31924 | D:15     | Found a runed translucent gate.
 31925 | D:15     | Found a runed translucent gate.
 31933 | D:15     | Noticed Dinenid's ghost (adept KoGl)
 32195 | D:15     | Found a basalt altar of Yredelemnul.
 32267 | D:15     | Noticed Agnes
 32272 | D:15     | Killed Agnes
 32538 | D:15     | Found a staircase to the Depths.
 33216 | D:15     | Killed Dinenid's ghost
 33513 | D:15     | Reached XP level 16. HP: 92/100 MP: 11/29
 33525 | D:15     | Got the ring of the Equinox {Fire}
 33824 | Spider:1 | Entered Level 1 of the Spider Nest
 36118 | Spider:2 | Noticed Roxanne
 36122 | Spider:2 | Killed Roxanne
 37129 | Spider:2 | Reached skill level 10 in Spellcasting
 37565 | Spider:2 | Reached skill level 17 in Earth Magic
 37928 | Spider:3 | Noticed Azrael
 38669 | Spider:3 | Noticed Arachne
 38714 | Spider:2 | Killed Azrael
 39292 | Spider:3 | Killed Arachne
 39610 | Spider:3 | Noticed Bai Suzhen
 39652 | Spider:2 | Killed Bai Suzhen
 39652 | Spider:2 | Reached XP level 17. HP: 56/105 MP: 31/31
 40329 | Spider:4 | Entered Level 4 of the Spider Nest
 40745 | Spider:4 | Identified Sif Muna's Tome of Evil Arts and Clay (Sif Muna
                  | gifted it to you on level 4 of the Spider Nest)
 40745 | Spider:4 | Received a gift from Sif Muna
 42237 | Spider:3 | Reached skill level 10 in Armour
 42940 | Spider:4 | Got a gossamer rune of Zot
 43165 | Shoals:1 | Entered Level 1 of the Shoals
 43640 | Shoals:1 | Reached skill level 18 in Earth Magic
 43699 | Shoals:1 | Noticed Donald
 43711 | Shoals:1 | Killed Donald
 43964 | Shoals:1 | Noticed a kraken
 44164 | Shoals:1 | Identified the +6 buckler of Fortitude {Harm rPois rC+}
 44720 | Shoals:1 | Killed a kraken
 45572 | Shoals:2 | Reached XP level 18. HP: 100/112 MP: 19/32
 47285 | Shoals:3 | Noticed Ilsuiw
 47305 | Shoals:3 | Killed from afar by Ilsuiw

Illustrated notes

Levels and vault maps discovered:
D:1:      wander_arrival_lonely_grave, layout_rooms
D:2:      layout_rooms, lemuel_round_altar, tso_altar, first_ration
D:3:      minmay_general_purpose_star, layout_loops_cross
D:4:      layout_rooms, chequers_temple_overflow_statue_of_worship,
          chequers_ossuary_entry_cave, minmay_crystal_water, uniq_natasha
D:5:      layout_gridville, gammafunk_temple_overflow_statue,
          minmay_temple_entry_butterflies, serial_shops, kennysheep_mini
D:6:      layout_loops_ring, kennysheep_little_box, zin_statuary,
          gup_sewer_entry_spiral
D:7:      layout_basic, ebering_ghost_disaster_area
D:8:      layout_loops_ring
D:9:      minmay_the_grid_square_5x5_3x3
          [minmay_the_grid_square_5x5_eight_small,
          minmay_the_grid_square_5x5_inner_z,
          minmay_the_grid_square_5x5_misaligned,
          minmay_the_grid_square_5x5_seven,
          minmay_the_grid_square_5x5_megaprize_hollow,
          minmay_the_grid_square_5x5_checkered,
          minmay_the_grid_square_5x5_inset,
          minmay_the_grid_square_5x5_sharp_hourglass,
          minmay_the_grid_square_5x5_hourglass], layout_irregular_city,
          david_lair_shrubbed
D:10:     layout_long_grid, hangedman_ranch [blue_anna_fruit_fields],
          grunt_ministairs_9
D:11:     minmay_bloctagon_deflated, layout_basic, david_orc_3, basic_altar,
          palyth_stone_intersect
D:12:     layout_roguey, chequers_mini_garden
D:13:     layout_long_grid, hangedman_vaults_entry_quadrant_bands
D:14:     cheibrodos_frozen_isle, layout_small_grid, okawaru_ov_weapons_minmay,
          minmay_more_statues, uniq_jorgrun
D:15:     gammafunk_depths_entry_grave, layout_irregular_city,
          gammafunk_ghost_icy, kennysheep_flooded_box, uniq_agnes
Temple:   dshaligram_water_room_temple
Lair:1:   layout_hall_layers, grunt_megastairs_2, minmay_lair_oklob_chamber,
          lemuel_fruit_fields
Lair:2:   lemuel_slime, layout_hall_layers, serial_bayou_ford_a
Lair:3:   minmay_guarded_unrand_snakebite, layout_cave_pods,
          nicolae_spider_entry_tight_spaces, special_room [special_room_bee],
          ebering_ghost_inner_flame, grunt_megastairs_4
Lair:4:   layout_roguey, elwin_shoals_entry_rooms, cheibrodos_lair_reptile_den
Lair:5:   layout_regular_city, minmay_lair_drake_nest, serial_bayou_shore_a,
          infiniplex_staircase_pool_2
Lair:6:   due_jungle_book, layout_small_grid, minmay_slime_entry_oklob_open,
          st_stairs_12, minivault_26, nicolae_quartered_pool_medium,
          grunt_megastairs_3, uniq_rupert
Shoals:1: layout_shoals, nicolae_shoals_aquamancer_cove, uniq_donald
Shoals:2: layout_shoals, shoals_oasis
Shoals:3: layout_shoals, st_cyclops, uniq_ilsuiw
Spider:1: layout_chambers
Spider:2: layout_spider_delve, uniq_roxanne
Spider:3: layout_spider_delve, uniq_azrael, uniq_arachne, uniq_bai_suzhen
Spider:4: spider_rune_water
Orc:1:    layout_caves, serial_shops, nicolae_shop_statue_plus
Orc:2:    grunt_orc_community_town_hall, layout_caves,
          grunt_orc_community_big_house_2, grunt_orc_community_big_house_1,
          grunt_orc_community_house_1, grunt_orc_community_house_2,
          grunt_orc_community_house_3, grunt_orc_community_house_1,
          grunt_orc_community_house_2, grunt_orc_community_house_3,
          nicolae_orc_rockfall, mines1_david, uniq_nessos

Skill      XL: |  1  2  3  4  5  6  7  8  9 10 11 12 13 14 15 16 17 18 |
---------------+-------------------------------------------------------+-----
Fighting       | 1 2 3 4 5 6 7 8 9 10 11 12 | 12.4
Armour         | 1 2 3 4 6 7 8 9 10 | 10.5
Earth Magic    | 4 5 6 7 9 10 11 13 14 15 16 17 18 | 18.4
Maces & Flails | 1 2 3 4 5 6 8 9 11 12 13 | 13.6
Conjurations   | 1 2 4 6 7 8 9 |  9.9
Spellcasting   | 3 4 5 6 7 8 9 10 | 10.9
Invocations    | 1 2 3 5 6 7 9 10 11 12 13 14 | 14.1
Shields        | 2 4 |  4.0
Dodging        | |  1.5
Stealth        | |  2.1
Transmutations | |  0.7

Action                   |  1- 3 |  4- 6 |  7- 9 | 10-12 | 13-15 | 16-18 || total
-------------------------+-------+-------+-------+-------+-------+-------++-------
Melee: Club              |    49 |       |       |       |       |       ||    49
       Unarmed           |     6 |       |       |       |       |       ||     6
       Whip              |    78 |   205 |       |       |    96 |       ||   379
       Morningstar       |       |   170 |   198 |   230 |   612 |   478 ||  1688
       Flail             |       |    12 |    70 |       |       |       ||    82
       Staff             |       |       |       |       |     2 |    19 ||    21
Throw: Javelin           |    10 |    22 |     7 |    49 |    42 |     9 ||   139
       Stone             |       |     2 |       |     4 |     6 |       ||    12
       Dart              |       |       |       |     7 |       |       ||     7
 Cast: Sandblast         |    10 |     6 |    14 |    61 |   124 |   292 ||   507
       Stone Arrow       |       |       |     8 |    47 |   120 |   126 ||   301
       Lee's Rapid Decon |       |       |    13 |    49 |   138 |    46 ||   246
       Iron Shot         |       |       |       |       |    80 |    78 ||   158
       Shatter           |       |       |       |       |     1 |       ||     1
       Iskenderun's Batt |       |       |       |       |       |     1 ||     1
Invok: Channel Magic     |       |       |       |     3 |    15 |     8 ||    26
       Divine Exegesis   |       |       |       |       |     1 |     1 ||     2
 Abil: Fly               |       |       |       |       |     1 |     2 ||     3
       Stop Flying       |       |       |       |       |     1 |     1 ||     2
Evoke: Wand              |       |       |       |       |     1 |     5 ||     6
  Use: Scroll            |       |     3 |    11 |     5 |    22 |    10 ||    51
       Potion            |       |       |       |       |     7 |     6 ||    13
 Stab: Sleeping          |       |     5 |     7 |       |     3 |       ||    15
       Distracted        |       |       |     1 |       |       |       ||     1
  Eat: Chunk             |     4 |    10 |    15 |    21 |    70 |    24 ||   144
       Ration            |       |       |     2 |     3 |    10 |    14 ||    29
Armor: Robe              |    28 |       |       |       |       |       ||    28
       Leather armour    |    36 |   244 |   156 |    85 |    95 |       ||   616
       Acid dragon scale |       |       |       |       |   232 |   848 ||  1080
Dodge: Dodged            |   124 |   308 |   192 |   128 |   308 |   530 ||  1590
Block: Other             |       |       |    52 |       |       |       ||    52
       Reflection        |       |       |     7 |       |    40 |    24 ||    71
       Buckler           |       |       |    34 |   117 |   326 |   613 ||  1090
